 Dungeon Crawl Stone Soup version 0.25-a0-834-g55863b0b92 (webtiles) character file.

Game seed: 1397989967764899496, levelgen mode: deterministic

31574 Lauz the Thaumaturge (level 13, -3/96 HPs)
             Began as a Green Draconian Ice Elementalist on Apr 22, 2020.
             Was a High Priest of Sif Muna.
             Slain by a black mamba (16 damage)
             ... on level 5 of the Lair of Beasts on Apr 23, 2020.
             The game lasted 02:01:44 (21469 turns).

Lauz the Thaumaturge (DrIE)                        Turns: 21469, Time: 02:01:45

Health: -3/96      AC: 13    Str: 11    XL:     13   Next: 26%
Magic:  2/40       EV: 12    Int: 21    God:    Sif Muna [*****.]
Gold:   1330       SH:  0    Dex: 11    Spells: 6/41 levels left

rFire    . . .     SeeInvis .   U - staff of death
rCold    + . .     Gourm    .   (no shield)
rNeg     + . .     Faith    .   (armour unavailable)
rPois    +         Spirit   .   M - +1 hat
rElec    .         Reflect  .   C - +0 cloak {rPois}
rCorr    .         Harm     .   Q - +1 pair of gloves
MR       .....                  W - +0 pair of boots
Stlth    ++........             K - amulet of the acrobat
HPRegen  0.26/turn              T - ring of protection from cold
MPRegen  0.27/turn              O - ring of magical power

@: lethally poisoned (-3 -> -9), about to teleport
A: breathe noxious fumes, unfitting armour, poison resistance, cold-blooded, AC
+8
a: Breathe Noxious Fumes, Channel Magic, Forget Spell, Divine Exegesis, Renounce
Religion


You were on level 5 of the Lair of Beasts.
You worshipped Sif Muna.
Sif Muna was extremely pleased with you.
You were very hungry.

You visited 3 branches of the dungeon, and saw 19 of its levels.

You collected 1330 gold pieces.

Inventory:

Hand Weapons
 A - the +7 Spriggan's Knife {stab, EV+4 Stlth+}
   (You found it on level 4 of the Dungeon)

   It affects your evasion (+4).
   It makes you more stealthy.
 I - the +6 hand axe of the Bear {drain, MR+ Int+3}
   (You found it on level 7 of the Dungeon)

   A truly terrible weapon, it drains the life of those it strikes.
   It affects your intelligence (+3).
   It affects your resistance to hostile enchantments.
Armour
 C - a +0 cloak of poison resistance (worn)
 M - a +1 hat (worn)
 Q - a +1 pair of gloves (worn)
 W - a +0 pair of boots (worn)
Magical Staves
 k - an uncursed staff of poison
 U - an uncursed staff of death (weapon)
Jewellery
 d - an uncursed amulet of harm
 f - an uncursed ring of ice
 g - the ring of Mistrust {Wiz Str+4 Stlth+, unknown}
   (You found it on level 2 of the Lair of Beasts)

   [ring of wizardry]

   It improves your spell success rate.
   It affects your strength (+4).
   It makes you more stealthy.
 h - an uncursed ring of magical power
 F - an uncursed ring of positive energy
 K - an amulet of the acrobat (around neck)
 O - a ring of magical power (right hand)
 R - an uncursed amulet of magic regeneration
 T - a ring of protection from cold (left hand)
Wands
 D - a wand of scattershot (6)
 H - a wand of acid (18)
 L - a wand of disintegration (23)
 N - a wand of paralysis (3)
 P - a wand of flame (11)
 X - a wand of iceblast (8)
 Y - a wand of digging (3)
Scrolls
 a - 4 scrolls of enchant weapon
 i - 2 scrolls of remove curse
 j - 14 scrolls of identify
 o - 4 scrolls of fog
 p - 2 scrolls of random uselessness
 r - a scroll of fear
 v - a scroll of blinking
 y - 4 scrolls of magic mapping
 B - 2 scrolls of enchant armour
 E - a scroll of noise {unknown}
 J - 3 scrolls of teleportation
Potions
 c - 2 potions of mutation {unknown}
 e - 3 potions of brilliance {unknown}
 l - a potion of berserk rage
 m - a potion of cancellation {unknown}
 n - 3 potions of haste
 q - 4 potions of heal wounds {unknown}
 s - 2 potions of lignification {unknown}
 t - 3 potions of degeneration {unknown}
 u - 6 potions of curing
 w - 2 potions of flight {unknown}
 x - 4 potions of stabbing {unknown}
 z - 2 potions of magic {unknown}
 G - a potion of ambrosia {unknown}
 S - 2 potions of invisibility {unknown}
Comestibles
 b - 31 rations


   Skills:
 + Level 3.7 Fighting
 - Level 2.0 Dodging
 - Level 1.7 Stealth
 + Level 14.6 Spellcasting
 + Level 3.7 Conjurations
 + Level 0.3 Charms
 + Level 3.8 Summonings
 + Level 7.7 Necromancy
 - Level 12.3 Ice Magic
 + Level 1.3 Air Magic
 + Level 1.7 Poison Magic
 * Level 1.9 Invocations


You had 6 spell levels left.
You knew the following spells:

 Your Spells              Type           Power        Failure   Level  Hunger
a - Freeze                Ice            ####         1%          1    None
b - Frozen Ramparts       Ice            ######       1%          3    None
c - Ozocubu's Armour      Chrm/Ice       #####...     1%          3    None
d - Hailstorm             Conj/Ice       #####...     1%          4    None
e - Summon Ice Beast      Ice/Summ       #####...     1%          4    None
f - Animate Skeleton      Necr           N/A          1%          1    None
g - Pain                  Necr           ####         1%          1    None
h - Blink                 Tloc           N/A          6%          2    None
i - Mephitic Cloud        Conj/Pois/Air  ###.....     4%          3    None
j - Animate Dead          Necr           N/A          1%          4    None
k - Olgreb's Toxic Radia  Pois           ###.....     19%         4    None
l - Agony                 Necr           ######..     4%          5    ###....

Your spell library contained the following spells:

 Spells                   Type           Power        Failure   Level  Hunger
 Magic Dart               Conj           ####         1%          1    None
 Call Imp                 Summ           ####....     1%          2    None
 Ensorcelled Hibernation  Hex/Ice        #####.       1%          2    None
 Vampiric Draining        Necr           ######....   1%          3    None
 Sting                    Tmut/Pois      ###.         2%          1    None
 Poisonous Vapours        Pois/Air       ###...       3%          2    None
 Corona                   Hex            ###....      4%          1    None
 Ozocubu's Refrigeration  Ice            ######....   4%          6    #####..
 Shroud of Golubria       Chrm/Tloc      ###...       5%          2    None
 Conjure Flame            Conj/Fire      ###.....     5%          3    None
 Dazzling Flash           Conj/Hex       ###...       5%          3    None
 Stone Arrow              Conj/Erth      ###...       5%          3    None
 Slow                     Hex            ###.....     6%          2    None
 Metabolic Englaciation   Hex/Ice        #####.....   9%          5    ###....
 Ignite Poison            Fire/Tmut/Pois ###.....     10%         3    None
 Confusing Touch          Hex            ###.....     12%         3    None
 Gell's Gravitas          Tloc           ###.......   12%         3    None
 Tukima's Dance           Hex            ###.....     12%         3    None
 Petrify                  Tmut/Erth      ###.....     38%         4    None
 Iskenderun's Battlesphe  Conj/Chrm      ###.....     43%         5    ###....
 Yara's Violent Unravell  Hex/Tmut       ###.......   75%         5    ###....
 Starburst                Conj/Fire      ###.......   96%         6    #####..
 Ring of Flames           Chrm/Fire      ###.......   100%        7    ######.
 Absolute Zero            Ice            ######....   100%        9    #######
 Fire Storm               Conj/Fire      ###.......   100%        9    #######


Dungeon Overview and Level Annotations

Branches:
Dungeon (12/15)            Temple (1/1) D:5            Lair (6/6) D:8
  Swamp (0/4) Lair:4        Snake (0/4) Lair:4        Slime (0/5) Lair:6
    Orc (0/2) D:10

Altars:
Cheibriados
Elyvilon
Gozag
Kikubaaqudgha
Makhleb
Nemelex Xobeh
Qazlal
Ru
Sif Muna
Trog
Uskayaw
Vehumet
Wu Jian
Yredelemnul
The Shining One
Beogh
Jiyva

Shops:
D:10 *

Portals:
Trove: D:10 (give +2 gold dragon scales)

Annotations:
D:6 Prince Ribbit


Innate Abilities, Weirdness & Mutations

You can breathe blasts of noxious fumes.
Your lurid green scales are hard. (AC +8)
You cannot fit into any form of body armour.
Your system is resistant to poisons. (rPois)
You are cold-blooded and may be slowed by cold attacks.


Message History

You barely miss the black mamba.
The black mamba is heavily wounded.
You feel sick.
The black mamba bites you but does no damage.
The black mamba bites you! The black mamba completely misses you.
The black mamba bites you. The water moccasin barely misses you.
Your ice beast hits the black mamba.
Your ice beast freezes the black mamba!
The black mamba seems to slow down.
You closely miss the black mamba.
The black mamba is almost dead.
You feel sick. The black mamba bites you!
* * * LOW HITPOINT WARNING * * *
The black mamba bites you.
* * * LOW HITPOINT WARNING * * *
The water moccasin bites you.
* * * LOW HITPOINT WARNING * * *
The black mamba closely misses you.
Your ice beast barely misses the black mamba.
The black mamba bites you!
You die...

...P##############......P#.##
#..P# #.........## #..##
♣♣♣♣♣ ##.........# #...#
♣♣♣...♣♣♣ ##.....P..## ....#
♣.......♣ #.........#
....#♣♣♣♣.......♣♣
##.P....###
...PP♣♣..........♣ #........#
............>..S.♣ #........#
.....).♣.......S@♣ #.......##
.....♣♣♣♣.....YS♣♣
#........## ..([.♣ ♣.......♣
#.........# .((..# ♣♣♣...♣♣♣
#.####...## .....### ♣♣♣♣♣
##+..#...#.# .......##
#....##...##
....##..############..###..P#
.....#...##........#..#.#..#♣
.........##........P..+..♣♣♣♣


You could see 2 black mambas, a water moccasin and a friendly ice beast.

Vanquished Creatures
  2 two-headed ogres (D:11)
  2 unseen horrors (D:11)
  Pikel (D:4)
  A black mamba (Lair:2)
  A gargoyle (D:10)
  An elephant (Lair:5)
  5 spiny frogs
  A rime drake (Lair:3)
  2 trolls
  A polar bear (Lair:1)
  3 blink frogs
  7 hippogriffs
  A shadow (D:11)
  31 yaks
  Eustachio (D:5)
  3 basilisks
  Grum (D:8)
  A naga (Lair:4)
  2 swamp worms (Lair:4)
  8 porcupines
  4 water moccasins
  5 orc warriors
  2 black bears
  2 slaves (D:4)
  2 eyes of draining (D:5)
  2 ice beasts (D:10)
  6 centaurs
  5 wolves
  6 ogres
  7 crocodiles
  2 gnoll sergeants
  7 bullfrogs
  A wyvern zombie (D:11)
  9 killer bees
  5 electric eels (D:8)
  3 howler monkeys
  5 wights (D:8)
  A vampire bat (Lair:3)
  6 crimson imps
  A centaur zombie (D:6)
  A bullfrog zombie (D:6)
  2 bullfrog skeletons
  10 hounds
  8 jellies
  Crazy Yiuf (D:5)
  6 orc priests
  3 centaur skeletons
  6 iguanas
  8 orc wizards
  8 worker ants
  Terence (D:3)
  3 hound zombies
  A hound skeleton (D:11)
  A worker ant zombie (D:6)
  2 howler monkey skeletons
  11 gnolls
  14 adders
  7 oozes
  3 adder skeletons
  6 worms
  A dart slug (D:3)
  4 leopard geckos
  41 orcs
  3 ball pythons
  21 bats
  6 giant cockroaches
  7 goblins
  11 hobgoblins
  5 quokkas
  4 frilled lizards
  A giant cockroach zombie (D:6)
  A jackal skeleton (D:6)
  A jackal zombie (D:6)
  13 kobolds
  A quokka skeleton (D:6)
  A quokka zombie (D:5)
  8 rats
  4 fungi
  3 plants
394 creatures vanquished.

Vanquished Creatures (collateral kills)
  Fannar (Lair:2)
  2 hydras
  A deep elf mage (D:11)
  2 manticores (D:11)
  2 oklob plants (Lair:4)
  2 black mambas
  4 elephants (Lair:5)
  7 spiny frogs
  A polar bear (Lair:5)
  A bog body (Lair:4)
  8 blink frogs
  4 hippogriffs
  A spriggan (Lair:5)
  A wraith (D:10)
  25 yaks
  3 basilisks (Lair:3)
  2 nagas (Lair:4)
  A water moccasin (Lair:5)
  4 porcupines
  An orc warrior (D:10)
  A sky beast (D:11)
  2 black bears
  A necrophage (D:9)
  An ogre (D:9)
  A phantom (D:9)
  A centaur (D:11)
  5 wolves
  4 crocodiles
  3 big kobolds
  3 bullfrogs
  A scorpion (D:10)
  2 wights
  A howler monkey (D:9)
  2 electric eels
  3 centaur skeletons
  3 bullfrog skeletons
  3 orc priests
  An adder (D:10)
  A shadow imp (D:9)
  4 orcs
  12 kobolds
  2 plants (Lair:4)
130 creatures vanquished.

Vanquished Creatures (others)
  An electric eel (D:8)
  2 orc wizards (D:9)
  A leopard gecko (D:4)
  6 fungi
  3 plants (Lair:4)
13 creatures vanquished.

Grand Total: 537 creatures vanquished

Notes
Turn   | Place    | Note
-------+----------+-------------------------------------------
     0 | D:1      | Lauz the Draconian Ice Elementalist began the quest for the
                  | Orb.
     0 | D:1      | Reached XP level 1. HP: 14/14 MP: 3/3
   152 | D:1      | Reached XP level 2. HP: 14/20 MP: 1/5
   602 | D:1      | Reached XP level 3. HP: 26/26 MP: 4/6
   692 | D:1      | You fall into a shaft and drop 1 floor!
   945 | D:2      | Found an opulent altar of Gozag.
   949 | D:2      | Found a glowing golden altar of the Shining One.
  1132 | D:2      | Reached skill level 5 in Ice Magic
  1930 | D:3      | Reached XP level 4. HP: 33/33 MP: 6/8
  1933 | D:3      | Reached skill level 3 in Spellcasting
  2083 | D:3      | Found a burning altar of Makhleb.
  2193 | D:3      | Noticed Terence
  2230 | D:2      | Learned a level 3 spell: Frozen Ramparts
  2234 | D:2      | Learned a level 3 spell: Ozocubu's Armour
  2305 | D:3      | Found a sparkling altar of Nemelex Xobeh.
  2356 | D:3      | Reached XP level 5. HP: 38/38 MP: 5/10
  2668 | D:3      | Killed Terence
  2675 | D:3      | Reached skill level 4 in Spellcasting
  3387 | D:4      | Found the +7 Spriggan's Knife {stab, EV+4 Stlth+}
  3747 | D:4      | Reached XP level 6. HP: 45/45 MP: 9/12
  4034 | D:4      | Noticed a slave
  4035 | D:4      | Noticed a slave
  4047 | D:4      | Killed a slave
  4052 | D:4      | Killed a slave
  4216 | D:4      | Noticed Pikel
  4218 | D:4      | Noticed a slave
  4236 | D:4      | Killed Pikel
  4236 | D:4      | Reached skill level 1 in Fighting
  4236 | D:4      | Reached skill level 5 in Spellcasting
  4236 | D:4      | Your scales start taking on a lurid green colour.
  4236 | D:4      | Reached XP level 7. HP: 36/52 MP: 4/15
  4236 | D:4      | Gained mutation: Your system is resistant to poisons.
                  | (rPois) [Green Draconian growth]
  4368 | D:5      | Entered Level 5 of the Dungeon
  4419 | D:5      | Reached skill level 6 in Spellcasting
  4500 | D:5      | Found a staircase to the Ecumenical Temple.
  4520 | Temple   | Entered the Ecumenical Temple
  4541 | Temple   | Became a worshipper of Sif Muna the Loreminder
  4731 | D:5      | Noticed Eustachio
  4747 | D:5      | Killed Eustachio
  4747 | D:5      | Reached XP level 8. HP: 61/61 MP: 9/17
  5196 | D:5      | Found a bloodstained altar of Trog.
  5221 | D:5      | Reached skill level 7 in Spellcasting
  5632 | D:5      | Found a runed translucent door.
  5633 | D:5      | Noticed Crazy Yiuf
  5642 | D:5      | Killed Crazy Yiuf
  6168 | D:6      | Learned a level 4 spell: Hailstorm
  6225 | D:6      | Reached * piety under Sif Muna
  6772 | D:7      | Reached skill level 8 in Spellcasting
  6786 | D:7      | Reached XP level 9. HP: 68/68 MP: 15/21
  7170 | D:7      | Reached ** piety under Sif Muna
  7415 | D:7      | Got a pitted hand axe
  7416 | D:7      | Identified the +6 hand axe of the Bear {drain, MR+ Int+3}
                  | (You found it on level 7 of the Dungeon)
  7444 | D:7      | Found a radiant altar of Vehumet.
  7619 | D:7      | Reached skill level 9 in Spellcasting
  7623 | D:7      | Noticed Prince Ribbit
  7804 | D:7      | Found a sacrificial altar of Ru.
  8026 | D:8      | Reached skill level 1 in Conjurations
  8372 | D:8      | Noticed Grum
  8380 | D:8      | Killed Grum
  8645 | D:8      | Found a staircase to the Lair.
  8667 | D:8      | Reached skill level 10 in Spellcasting
  8667 | D:8      | Reached XP level 10. HP: 68/77 MP: 19/24
  8953 | D:8      | Reached skill level 10 in Ice Magic
  9380 | D:8      | Reached *** piety under Sif Muna
 10116 | D:8      | Learned a level 4 spell: Summon Ice Beast
 10396 | D:9      | Learned a level 1 spell: Animate Skeleton
 10398 | D:9      | Learned a level 1 spell: Pain
 10478 | D:9      | Reached skill level 11 in Spellcasting
 10529 | D:9      | Identified the +6 rapier of the Vestibule of Hell
                  | {antimagic, *Corrode Dex+4 Stlth+}
 10534 | D:9      | Reached skill level 1 in Necromancy
 10630 | D:9      | Reached **** piety under Sif Muna
 10862 | D:9      | Learned a level 2 spell: Blink
 10866 | D:9      | Learned a level 3 spell: Mephitic Cloud
 11098 | D:9      | Found a white marble altar of Elyvilon.
 11282 | D:10     | Entered Level 10 of the Dungeon
 11320 | D:10     | Found an opulent altar of Gozag.
 11344 | D:10     | Found Gozag's Platinum Reserve.
 11411 | D:10     | Found a portal to a secret trove of treasure.
 11779 | D:10     | Reached XP level 11. HP: 82/82 MP: 22/26
 11996 | D:10     | Found a staircase to the Orcish Mines.
 12019 | D:10     | Found a roughly hewn altar of Beogh.
 12715 | D:11     | Killed an unseen horror
 12715 | D:11     | Reached skill level 12 in Spellcasting
 12834 | D:11     | Noticed a deep elf mage
 12849 | D:11     | Killed a deep elf mage
 12849 | D:11     | Reached skill level 1 in Summonings
 13034 | D:11     | Noticed a seven-headed hydra
 13045 | D:11     | Killed a seven-headed hydra
 13153 | D:11     | Reached ***** piety under Sif Muna
 13482 | D:11     | Noticed a two-headed ogre
 13486 | D:11     | Killed a two-headed ogre
 13487 | D:11     | Killed an unseen horror
 13507 | D:11     | Identified Sif Muna's Catalogue of Enhancements (Sif Muna
                  | gifted it to you on level 11 of the Dungeon)
 13507 | D:11     | Received a gift from Sif Muna
 14012 | D:11     | HP: 4/82 [manticore/volley of spikes (19)]
 14753 | D:11     | Noticed a two-headed ogre
 14769 | D:11     | Killed a two-headed ogre
 15272 | Lair:1   | Entered Level 1 of the Lair of Beasts
 15322 | Lair:1   | Reached skill level 13 in Spellcasting
 15590 | Lair:1   | Reached skill level 1 in Poison Magic
 15590 | Lair:1   | Reached XP level 12. HP: 89/89 MP: 10/29
 16437 | Lair:2   | Reached skill level 5 in Necromancy
 16450 | Lair:2   | Learned a level 4 spell: Animate Dead
 16627 | Lair:2   | Noticed Fannar
 16699 | Lair:2   | Killed Fannar
 16862 | Lair:2   | Reached skill level 1 in Air Magic
 17100 | Lair:2   | Noticed a four-headed hydra
 17109 | Lair:2   | Killed a four-headed hydra
 17418 | Lair:2   | Got a shimmering brass ring
 17465 | Lair:2   | Received a gift from Sif Muna
 17474 | Lair:2   | Learned a level 4 spell: Olgreb's Toxic Radiance
 18358 | Lair:3   | Reached skill level 14 in Spellcasting
 19343 | Lair:4   | Found a staircase to the Snake Pit.
 19453 | Lair:4   | Reached XP level 13. HP: 96/96 MP: 2/31
 19533 | Lair:4   | Learned a level 5 spell: Agony
 20005 | Lair:4   | Found a staircase to the Swamp.
 20359 | Lair:5   | Reached skill level 1 in Invocations
 20556 | Lair:5   | Identified Sif Muna's Catalogue of the Frostbite and
                  | Conjuration (Sif Muna gifted it to you on level 5 of the
                  | Lair of Beasts)
 20556 | Lair:5   | Received a gift from Sif Muna
 21434 | Lair:6   | Entered Level 6 of the Lair of Beasts
 21434 | Lair:6   | Found a staircase to the Slime Pits.
 21434 | Lair:6   | Found a viscous altar of Jiyva.
 21469 | Lair:5   | Slain by a black mamba

Levels and vault maps discovered:
D:1:      elethiomel_arrival_quiet, layout_rooms, chequers_serial_rivers_room_b,
          minmay_tetromino_i4
D:2:      layout_basic, nicolae_overflow_hidden_temple, minmay_bisected
D:3:      layout_loops_ring, nemelex_xobeh_ov_fountains_minmay,
          makhleb_blood_cavern_becter, uniq_terence
D:4:      layout_basic, first_ration, uniq_pikel
D:5:      layout_basic, minmay_temple_entry_slanted, trog_eyes_of_draining,
          uniq_eustachio, uniq_crazy_yiuf_cottage
D:6:      layout_basic, serial_undead, serial_undead_d, serial_undead_e,
          serial_undead_a, serial_undead_c, st_stairs_6
D:7:      layout_cave_pools, lemuel_crystal_altar, nicolae_ru_path_of_blood,
          uniq_prince_ribbit1
D:8:      layout_layer_cave, erik_lair_island, uniq_grum
D:9:      minmay_angry_zag, layout_cave_pools, lemuel_crystal_altar,
          serial_park, serial_park_paths [serial_park_minivault_5x5_7],
          serial_park_square2, serial_park_tiny_1,
          hangedman_little_slice_of_home
D:10:     layout_small_grid, minmay_orc_entry_temple_large, enter_trove_1,
          nicolae_gozag_zags_fifth_avenue
D:11:     layout_stronghold, nzn_random_ring
D:12:     layout_roguey
Temple:   nicolae_temple_great_sept
Lair:1:   layout_regular_city, beast_lair_carwin_1
Lair:2:   layout_loops_ring, uniq_fannar
Lair:3:   layout_roguey, roderic_batcave, kennysheep_basilisk_garden
Lair:4:   layout_roguey, nicolae_swamp_entry_splash_gauntlet,
          minmay_snake_entry_guardpost_small, minmay_lair_oklob_chamber
Lair:5:   layout_regular_city, minmay_hedge_maze, forest_entry_grove,
          serial_bayou_shore_a
Lair:6:   minmay_lair_end_frog_pond, layout_gridlike, slime_altar_1,
          nicolae_quartered_pool_medium, minmay_shattered_shrine,
          lemuel_fruit_tree

Skill      XL: |  1  2  3  4  5  6  7  8  9 10 11 12 13 |
---------------+----------------------------------------+-----
Ice Magic      | 5 6 7 8 9 10 11 12 | 12.3
Spellcasting   | 3 4 5 6 8 10 11 13 14 | 14.6
Dodging        | 2 |  2.0
Fighting       | 1 2 3 |  3.7
Conjurations   | 1 2 3 |  3.7
Necromancy     | 2 4 7 |  7.7
Summonings     | 2 3 |  3.8
Poison Magic   | 1 |  1.7
Air Magic      | 1 |  1.3
Invocations    | 1 |  1.9
Stealth        | |  1.7
Charms         | |  0.3

Action                   |  1- 3 |  4- 6 |  7- 9 | 10-12 | 13-15 || total
-------------------------+-------+-------+-------+-------+-------++-------
Melee: Dagger            |    19 |    29 |       |       |       ||    48
       Tailslap          |     2 |     6 |    22 |    19 |       ||    49
       Staff             |     4 |       |       |    70 |    10 ||    84
       Knife             |       |     5 |   161 |    72 |       ||   238
 Cast: Freeze            |    70 |    71 |   107 |   131 |    15 ||   394
       Frozen Ramparts   |       |    12 |    26 |    42 |       ||    80
       Ozocubu's Armour  |       |     1 |     3 |     5 |       ||     9
       Hailstorm         |       |       |    11 |   120 |    19 ||   150
       Animate Skeleton  |       |       |       |    59 |     1 ||    60
       Summon Ice Beast  |       |       |       |    73 |    29 ||   102
       Pain              |       |       |       |    40 |     9 ||    49
       Mephitic Cloud    |       |       |       |    19 |    11 ||    30
       Blink             |       |       |       |     1 |     3 ||     4
       Animate Dead      |       |       |       |    19 |     9 ||    28
       Agony             |       |       |       |       |     2 ||     2
       Olgreb's Toxic Ra |       |       |       |       |     1 ||     1
 Abil: Breathe Noxious F |       |       |    10 |    14 |       ||    24
  Use: Scroll            |       |       |       |    16 |     1 ||    17
       Potion            |       |       |       |     3 |       ||     3
 Stab: Sleeping          |       |     1 |    20 |    13 |       ||    34
  Eat: Chunk             |     3 |     7 |    12 |    29 |     6 ||    57
       Ration            |       |       |     2 |     2 |       ||     4
Armor: Skin              |    26 |    29 |    69 |   127 |    15 ||   266
Dodge: Dodged            |    53 |    51 |   182 |   264 |    60 ||   610

Table legend:
 A = Non-vault XP
 B = Vault XP
 C = Vault XP percentage of total XP
 D = Non-vault monster count
 E = Vault monster count
 F = Vault count percentage of total count
                 A         B        C        D         E       F
            +---------+---------+-------+---------+---------+-------
      Total |   32196 |   12911 |  28.6 |     394 |     121 |  23.5
            +---------+---------+-------+---------+---------+-------
        D:1 |      47 |       3 |   6.0 |      26 |       2 |   7.1
        D:2 |      33 |      12 |  26.7 |      14 |       5 |  26.3
        D:3 |     180 |      75 |  29.4 |      27 |       2 |   6.9
        D:4 |     141 |     641 |  82.0 |      10 |       1 |   9.1
        D:5 |     497 |     496 |  49.9 |      15 |       6 |  28.6
        D:6 |     688 |     164 |  19.2 |      16 |       9 |  36.0
        D:7 |    1412 |       0 |   0.0 |      32 |       0 |   0.0
        D:8 |    2475 |     979 |  28.3 |      36 |      10 |  21.7
        D:9 |    1258 |     731 |  36.8 |      48 |      13 |  21.3
       D:10 |    1928 |     403 |  17.3 |      22 |      18 |  45.0
       D:11 |    3558 |    4005 |  53.0 |      28 |      17 |  37.8
       D:12 |       3 |       0 |   0.0 |       1 |       0 |   0.0
     Lair:1 |    1954 |    1778 |  47.6 |      14 |       7 |  33.3
     Lair:2 |    5016 |     671 |  11.8 |      25 |       1 |   3.8
     Lair:3 |    4486 |     780 |  14.8 |      25 |      14 |  35.9
     Lair:4 |    3880 |    1333 |  25.6 |      27 |       9 |  25.0
     Lair:5 |    4102 |     840 |  17.0 |      26 |       7 |  21.2
     Lair:6 |     538 |       0 |   0.0 |       2 |       0 |   0.0
            +---------+---------+-------+---------+---------+-------
